 Dungeon Crawl Stone Soup version 0.27-a0-1060-gcb85b5eba1 (webtiles) character file.

Game seed: 6764481553478650503

24442 porpoise the Thaumaturge (level 13, 0/101 HPs)
             Began as a Djinni Venom Mage on Apr 22, 2021.
             Was a High Priest of Makhleb.
             Slain by a death knight
             ... wielding a +0 halberd
              (16 damage)
             ... on level 13 of the Dungeon.
             The game lasted 01:13:12 (14499 turns).

porpoise the Thaumaturge (Djinni Venom Mage)       Turns: 14499, Time: 01:13:13

Health: 0/101      AC:  5    Str: 17    XL:     13   Next: 13%
Gold:   1029       EV: 18    Int: 21    God:    Makhleb [*****.] SH:  7 Dex: 20

rFire    + + +     SeeInvis .   a - +2 short sword (drain)
rCold    + . .     Faith    .   u - +1 buckler
rNeg     . . .     Spirit   .   B - +1 robe "Usau" {*Corrode Regen+ Str+9}
rPois    ∞         Reflect  .   z - +1 helmet
rElec    +         Harm     .   Y - +2 cloak {Will+}
rCorr    +         Rampage  .   v - +0 pair of gloves
Will     ++...                  (boots unavailable)
Stlth    +++.......             g - amulet of the acrobat
HPRegen  1.26/turn              C - +6 ring of dexterity
MPRegen  0.00/turn              Z - ring of protection from cold

@: resistant, corroded, flying
A: fire resistance 2, cold vulnerability 1, float, innate caster, hp casting,
extra vitality 1
a: Renounce Religion, Minor Destruction, Lesser Servant of Makhleb, Major
Destruction, Greater Servant of Makhleb


You were on level 13 of the Dungeon.
You worshipped Makhleb.
Makhleb was extremely pleased with you.
You visited 2 branches of the dungeon, and saw 14 of its levels.

You collected 1074 gold pieces.
You spent 45 gold pieces at shops.

Inventory:

Hand Weapons
 a - a +2 short sword of draining (weapon)
 b - a +2 hunting sling of freezing
 W - a +3 scimitar of flaming
Missiles
 d - 58 sling bullets
 p - 569 arrows
 t - 2 throwing nets
 y - 4 boomerangs
 G - 89 bolts
 H - 4 datura-tipped darts
 M - 3 curare-tipped darts
 U - 4 silver boomerangs
Armour
 f - a +2 robe of positive energy
 u - a +1 buckler (worn)
 v - a +0 pair of gloves (worn)
 z - a +1 helmet (worn)
 B - the +1 robe "Usau" (worn) {*Corrode Regen+ Str+9}
   (You found it on level 4 of the Dungeon)

   It affects your strength (+9).
   It increases your rate of health regeneration.
   It may corrode you when you take damage.
 E - the +4 leather armour "Riqe" {Harm}
   (You found it on level 5 of the Dungeon)

   It increases damage dealt and taken.
 I - the +1 robe "Vyko" {Int+2}
   (You found it on level 7 of the Dungeon)

   It affects your intelligence (+2).
 L - the +0 helmet of Fiurr {Dex+3}
   (You found it on level 9 of the Dungeon)

   It affects your dexterity (+3).
 S - a +2 robe of cold resistance
 Y - a +2 cloak of willpower (worn)
Magical Staves
 w - a staff of poison
 K - a staff of fire
 P - a staff of death
 V - a staff of earth
Jewellery
 c - a ring of fire
 g - an amulet of the acrobat (around neck)
 C - a +6 ring of dexterity (left hand)
 Z - a ring of protection from cold (right hand)
Wands
 l - a wand of acid (1)
 m - a wand of polymorph (11)
 x - a wand of digging (11)
 J - a wand of iceblast (22)
Scrolls
 j - a scroll of vulnerability
 k - 2 scrolls of immolation
 q - 5 scrolls of teleportation
 N - a scroll of magic mapping
 O - 2 scrolls of enchant armour
 T - a scroll of fog {unknown}
 X - a scroll of silence {unknown}
Potions
 e - 2 potions of brilliance
 h - 3 potions of attraction
 i - a potion of mutation {unknown}
 n - 2 potions of lignification
 o - a potion of resistance
 r - a potion of might {unknown}
 s - a potion of invisibility {unknown}
 A - a potion of ambrosia {unknown}
 D - a potion of degeneration {unknown}
 R - 2 potions of curing
Miscellaneous
 Q - a tin of tremorstones (1/2)


   Skills:
 - Level 12.0 Fighting
 - Level 9.0 Dodging
 - Level 5.0 Stealth
 - Level 4.0 Shields
 * Level 13.6 Spellcasting
 - Level 5.0 Invocations
 - Level 5.0 Evocations


You had 8 spell levels left.
You knew the following spells:

 Your Spells              Type           Power      Damage    Failure   Level
a - Sting                 Tmut/Pois      100%       1d8       0%          1
b - Searing Ray           Conj           100%       3d7       1%          2
c - Ensorcelled Hibernat  Hex/Ice        100%       N/A       1%          2
d - Passage of Golubria   Tloc           N/A        N/A       1%          4
e - Metabolic Englaciati  Hex/Ice        32%        N/A       1%          5
i - Ignite Poison         Fire/Tmut/Pois 64%        N/A       1%          3
m - Mephitic Cloud        Conj/Pois/Air  64%        N/A       1%          3
o - Olgreb's Toxic Radia  Pois           64%        N/A       1%          4
p - Petrify               Tmut/Erth      64%        N/A       1%          4
s - Shock                 Conj/Air       100%       1d9       0%          1
v - Poisonous Vapours     Pois/Air       100%       N/A       1%          2
Your spell library was empty.

Dungeon Overview and Level Annotations

Branches:
Dungeon (13/15)            Temple (1/1) D:4            Lair (0/6) D:8
    Orc (0/2) D:12
 Vaults: D:13-14

Altars:
Ashenzari
Cheibriados
Dithmenos
Elyvilon
Fedhas
Gozag
Hepliaklqana
Kikubaaqudgha
Makhleb
Nemelex Xobeh
Okawaru
Qazlal
Ru
Sif Muna
Trog
Uskayaw
Vehumet
Wu Jian
Xom
Yredelemnul
Zin
The Shining One

Shops:
D:2 :   D:6 *

Annotations:
D:5 1 runed translucent door
D:9 1 runed translucent door, crescentfresh's ghost, journeyman HuWn


Innate Abilities, Weirdness & Mutations

You are immune to poison.
Your flesh is very heat resistant. (rF++)
You are vulnerable to cold. (rC-)
You float through the air rather than walking.
You learn spells naturally, not from books.
Your magical power is your life essence.
You have superior vitality. (+4 HP)


Message History

Unknown command.
You reach down and open the door.
A death knight comes into view. It is wielding a +0 halberd.
Found a stone staircase leading up.
Casting: Ignite Poison (safe; 1% risk of failure)
Confirm with . or Enter, or press ? or * to list all spells.
You begin to radiate toxic energy.
The death knight shouts!
The death knight is poisoned.
Casting: Olgreb's Toxic Radiance (safe; 1% risk of failure)
Confirm with . or Enter, or press ? or * to list all spells.
You ignite the poison in your surroundings!
The death knight seems to burn from within!
The death knight is moderately wounded.
The death knight is poisoned.
The death knight hits you from afar with a +0 halberd!!
Casting: Ignite Poison (safe; 1% risk of failure)
Confirm with . or Enter, or press ? or * to list all spells.
You ignite the poison in your surroundings!
The death knight seems to burn from within.
The death knight is moderately wounded.
The death knight is poisoned.
The death knight hits you from afar with a +0 halberd!!
* * * LOW HITPOINT WARNING * * *
Your corrosive artefact corrodes you!
Okay, then.
Okay, then.
Unknown command.
Casting: Ignite Poison (safe; 1% risk of failure)
Confirm with . or Enter, or press ? or * to list all spells.
Okay, then.
The death knight looks even sicker.
Your toxic aura wanes.
It was a potion of resistance.
You feel protected.
The death knight hits you from afar with a +0 halberd!!
* * * LOW HITPOINT WARNING * * *
You feel better.
The death knight hits you from afar with a +0 halberd!
You die...

#...#..##. #.......
#...#.... #.......
#..##..# #.......
+..##..# +#.......
#......##..## #....
#....(........+....
#..p..........#....
#..##..##.....#....
#.@##'###.....#....
#..#... .....#....
#..#<... ...#..>.
#..##########'#....
#..##..#......)....
###..##..#...<...####
#........#......<# #
#........#.......#
##...##).#...♣♣)≈♣


You could see a death knight (poisoned).

Vanquished Creatures
  Azrael (D:12)
  Josephine (D:10)
  Harold (D:11)
  Erolcha (D:10)
  4 hydras
  A boulder beetle (D:13)
  Erica (D:10)
  A two-headed ogre (D:12)
  3 centaur warriors (D:13)
  Nergalle (D:11)
  An ugly thing (D:12)
  A moth of wrath (D:6)
  Maurice (D:8)
  A wind drake (shapeshifter) (D:13)
  3 trolls
  Sigmund (D:3)
  7 wraiths
  3 shadows
  A wyvern (D:8)
  18 yaks
  3 fire elementals (D:12)
  Grum (D:9)
  4 wargs (D:12)
  2 acid dragons
  4 hell hounds (D:12)
  A water moccasin (D:8)
  4 orc warriors
  3 ice beasts
  A sky beast (D:7)
  3 necrophages
  3 ogres
  2 black bears
  3 wolves (D:9)
  18 centaurs
  A phantom (D:6)
  Blork the orc (D:6)
  4 kobold brigands
  3 bullfrogs
  A wyvern zombie (D:6)
  2 scorpions
  A gnoll sergeant (D:8)
  A water moccasin skeleton (D:5)
  7 wights
  A bullfrog zombie (D:5)
  3 centaur skeletons
  4 centaur zombies
  2 jellies (D:7)
  6 orc priests
  2 gnoll shamans
  2 bullfrog skeletons
  2 iguanas
  16 orc wizards
  A killer bee zombie (D:7)
  2 hound skeletons (D:4)
  A howler monkey zombie (D:6)
  21 gnolls
  6 adders
  2 shadow imps
  A white imp (D:8)
  An ufetubus (D:6)
  3 worms
  2 dart slugs
  34 orcs
  12 endoplasms
  8 goblins
  8 hobgoblins
  14 jackals
  A quokka (D:5)
  8 ball pythons
  10 bats
  6 frilled lizards
  26 kobolds
  7 rats
337 creatures vanquished.

Vanquished Creatures (others)
  2 orcs
  24 plants
26 creatures vanquished.

Grand Total: 363 creatures vanquished

Notes
Turn   | Place    | Note
-------+----------+-------------------------------------------
     0 | D:1      | porpoise the Djinni Venom Mage began the quest for the Orb.
     0 | D:1      | Reached XP level 1. HP: 15/15 MP: 0/0
   277 | D:1      | Reached skill level 1 in Fighting
   277 | D:1      | Reached XP level 2. HP: 13/22 MP: 0/0
   416 | D:1      | Reached skill level 3 in Spellcasting
   733 | D:1      | Reached XP level 3. HP: 11/27 MP: 0/0
   733 | D:1      | Learned a level 1 spell: Shock
  2243 | D:2      | Reached XP level 4. HP: 28/34 MP: 0/0
  2356 | D:2      | Found Ymoa's Book Shoppe.
  2767 | D:2      | Reached XP level 5. HP: 25/40 MP: 0/0
  2767 | D:2      | Learned a level 2 spell: Searing Ray
  3158 | D:2      | Reached skill level 4 in Spellcasting
  3438 | D:3      | Noticed Sigmund
  3443 | D:3      | Killed Sigmund
  3444 | D:3      | Reached XP level 6. HP: 28/47 MP: 0/0
  4106 | D:3      | Found a glowing silver altar of Zin.
  4462 | D:4      | Found a staircase to the Ecumenical Temple.
  4481 | Temple   | Entered the Ecumenical Temple
  4960 | D:4      | Identified the +1 robe "Usau" {*Corrode Regen+ Str+9}
  4976 | D:4      | Found an ornate altar of the Wu Jian Council.
  4980 | D:4      | Reached skill level 5 in Fighting
  4980 | D:4      | Reached skill level 5 in Spellcasting
  4980 | D:4      | Reached XP level 7. HP: 27/54 MP: 0/0
  4980 | D:4      | Learned a level 2 spell: Ensorcelled Hibernation
  5209 | D:4      | Found a snail-covered altar of Cheibriados.
  5426 | D:5      | Entered Level 5 of the Dungeon
  5444 | D:5      | Found a runed translucent door.
  5445 | D:5      | Noticed a human
  5448 | D:5      | Found a basalt altar of Yredelemnul.
  5899 | D:5      | Reached XP level 8. HP: 60/61 MP: 0/0
  6012 | D:5      | Reached skill level 6 in Spellcasting
  6204 | D:5      | Identified the +4 leather armour "Riqe" {Harm}
  6373 | D:5      | Found a burning altar of Makhleb.
  6381 | D:5      | Became a worshipper of Makhleb the Destroyer
  6547 | D:6      | Found Xuiptav's Assorted Antiques.
  6616 | D:6      | Reached skill level 1 in Shields
  6622 | D:6      | Bought a scroll labelled EZOXKI WITEN for 24 gold pieces
  6622 | D:6      | Bought a glowing cyan potion for 21 gold pieces
  6689 | D:6      | Reached skill level 7 in Spellcasting
  6716 | D:6      | Identified the +6 chain mail "Jaumuad" {+Blink rCorr Int+3}
  6825 | D:6      | Reached XP level 9. HP: 52/68 MP: 0/0
  6825 | D:6      | Learned a level 4 spell: Petrify
  6870 | D:6      | Noticed a moth of wrath
  6873 | D:6      | Found a bloodstained altar of Trog.
  7172 | D:6      | Killed a moth of wrath
  7371 | D:6      | Noticed Blork the orc
  7374 | D:6      | Killed Blork the orc
  7374 | D:6      | Reached * piety under Makhleb
  8017 | D:7      | Reached skill level 5 in Dodging
  8152 | D:7      | Reached skill level 1 in Evocations
  8339 | D:7      | Identified the +1 robe "Vyko" {Int+2}
  8414 | D:7      | Reached skill level 5 in Stealth
  8506 | D:7      | Found a shimmering altar of Xom.
  8622 | D:7      | Reached skill level 1 in Invocations
  8666 | D:7      | Reached XP level 10. HP: 75/75 MP: 0/0
  8761 | D:7      | You are sucked into a shaft and drop 3 floors!
  8761 | D:10     | Entered Level 10 of the Dungeon
  8795 | D:9      | Found a runed translucent door.
  8795 | D:9      | Noticed crescentfresh's ghost (journeyman HuWn)
  8802 | D:9      | Identified the +0 helmet of Fiurr {Dex+3}
  8814 | D:8      | Noticed Maurice
  8851 | D:8      | Reached ** piety under Makhleb
  8865 | D:8      | Identified a scroll of acquirement
  8865 | D:8      | Acquired a manual of Spellcasting
  8870 | D:8      | Found a staircase to the Lair.
  9082 | D:8      | Found a sand-covered staircase.
  9101 | D:8      | Found a white marble altar of Elyvilon.
  9188 | D:8      | Killed Maurice
  9189 | D:8      | Reached skill level 5 in Evocations
  9796 | D:8      | Found a sacrificial altar of Ru.
  9928 | D:9      | Reached skill level 5 in Invocations
 10040 | D:9      | Noticed Grum
 10041 | D:9      | Reached *** piety under Makhleb
 10046 | D:9      | Killed Grum
 10339 | D:9      | Found an opulent altar of Gozag.
 10885 | D:10     | Noticed Erolcha
 10892 | D:10     | Killed Erolcha
 10893 | D:10     | Reached skill level 10 in Fighting
 10893 | D:10     | Reached XP level 11. HP: 75/85 MP: 0/0
 10893 | D:10     | Learned a level 4 spell: Passage of Golubria
 11307 | D:10     | Noticed Josephine
 11317 | D:10     | Killed Josephine
 11317 | D:10     | Reached **** piety under Makhleb
 11519 | D:10     | Noticed Erica
 11525 | D:10     | Killed Erica
 11951 | D:11     | Noticed a seven-headed hydra
 11961 | D:11     | Killed a seven-headed hydra
 11962 | D:11     | Reached skill level 8 in Spellcasting
 12089 | D:11     | Noticed an eight-headed hydra
 12098 | D:11     | Killed an eight-headed hydra
 12098 | D:11     | Noticed Nergalle
 12104 | D:11     | Reached skill level 9 in Spellcasting
 12109 | D:11     | Killed Nergalle
 12110 | D:11     | Reached XP level 12. HP: 44/95 MP: 0/0
 12141 | D:11     | Noticed Harold
 12384 | D:11     | Killed Harold
 12385 | D:11     | Reached skill level 10 in Spellcasting
 12862 | D:12     | Noticed a four-headed hydra
 12878 | D:12     | Killed a four-headed hydra
 12985 | D:12     | Noticed a seven-headed hydra
 13003 | D:12     | Killed a seven-headed hydra
 13004 | D:12     | Reached skill level 11 in Spellcasting
 13154 | D:12     | Found a staircase to the Orcish Mines.
 13176 | D:12     | Noticed Azrael
 13195 | D:12     | Killed Azrael
 13196 | D:12     | Reached skill level 12 in Spellcasting
 13198 | D:12     | Reached ***** piety under Makhleb
 13821 | D:12     | Noticed a two-headed ogre
 13826 | D:12     | Killed a two-headed ogre
 13922 | D:13     | Noticed a boulder beetle
 13928 | D:13     | Killed a boulder beetle
 14220 | D:13     | Noticed a centaur warrior
 14223 | D:13     | Killed a centaur warrior
 14224 | D:13     | Reached skill level 13 in Spellcasting
 14224 | D:13     | Reached XP level 13. HP: 27/101 MP: 0/0
 14224 | D:13     | Learned a level 5 spell: Metabolic Englaciation
 14498 | D:13     | HP: 4/101 [death knight/+0 halberd (33)]
 14499 | D:13     | Slain by a death knight

Illustrated notes

Levels and vault maps discovered:
D:1:      roderic_octagonal_star, layout_loops_ring
D:2:      layout_rooms, serial_shops, shop, minmay_randomly_rotated_circles
D:3:      layout_basic, zin_statuary, uniq_sigmund
D:4:      layout_cave_pools, nicolae_wu_jian_wuxing_cycle, lemuel_round_altar,
          minmay_temple_entry_crystal_x, chequers_jeans, eino_tiny_chamber
D:5:      layout_basic, marbit_many_paths, dk_yredelemnul_ordeal,
          kennysheep_generic_room_16
D:6:      layout_loops_ring, tgw_trog, serial_shops, shop, uniq_blork_the_orc
D:7:      wad_lake_hut, layout_layer_cave, xom_confusion_cloud
D:8:      layout_loops_cross, elyvilon_altar_3, lemuel_coloured_pillars_altar,
          lair_entry_dummy, enter_ossuary_5, serial_bayou_lagoon_b, uniq_maurice
D:9:      layout_cave_pods, grunt_gozag_breadcrumbs, kiku_gazebo_pond_becter,
          hellmonk_ghost_happy_afterlife, uniq_grum
D:10:     layout_long_grid, hangedman_corner_corridor, uniq_erica,
          uniq_josephine, uniq_erolcha
D:11:     layout_rooms, uniq_nergalle, uniq_harold
D:12:     layout_basic, minmay_orc_entry_guard_dogs, uniq_azrael
D:13:     layout_gridville, serial_bayou_crossing
Temple:   minmay_temple_curvy_loop

Skill      XL: |  1  2  3  4  5  6  7  8  9 10 11 12 |
---------------+-------------------------------------+-----
Fighting       | 1 2 3 4 5 6 7 10 12 | 12.0
Spellcasting   | 3 4 5 7 9 13 | 13.6
Shields        | 3 4 |  4.0
Dodging        | 5 6 9 |  9.0
Stealth        | 5 |  5.0
Evocations     | 3 5 |  5.0
Invocations    | 1 5 |  5.0

Action                   |  1- 3 |  4- 6 |  7- 9 | 10-12 | 13-15 || total
-------------------------+-------+-------+-------+-------+-------++-------
Melee: Trident           |    16 |     3 |       |       |       ||    19
       Unarmed           |     4 |       |       |       |       ||     4
       Whip              |       |       |       |     2 |       ||     2
       Rapier            |       |       |       |     1 |       ||     1
       Short sword       |       |       |       |    13 |       ||    13
       Scimitar          |       |       |       |     2 |       ||     2
 Fire: Hunting sling     |       |    17 |    34 |    33 |       ||    84
 Cast: Sting             |    42 |    12 |     7 |       |       ||    61
       Shock             |    27 |    33 |     1 |     1 |       ||    62
       Poisonous Vapours |     1 |    18 |    16 |    16 |       ||    51
       Ignite Poison     |     1 |     8 |    33 |   107 |    12 ||   161
       Searing Ray       |       |    11 |    31 |    59 |       ||   101
       Olgreb's Toxic Ra |       |     2 |    18 |    61 |     8 ||    89
       Ensorcelled Hiber |       |       |       |     3 |       ||     3
       Mephitic Cloud    |       |       |       |    15 |       ||    15
       Passage of Golubr |       |       |       |     1 |       ||     1
       Petrify           |       |       |       |     6 |       ||     6
Evoke: Wand              |       |       |       |     2 |       ||     2
       Tin of tremorston |       |       |       |     1 |       ||     1
  Use: Scroll            |       |       |     8 |    14 |     1 ||    23
       Potion            |       |       |       |     5 |     2 ||     7
 Stab: Sleeping          |       |       |       |     2 |       ||     2
Armor: Robe              |     3 |     3 |     3 |    29 |       ||    38
       Skin              |       |       |       |     2 |       ||     2
Dodge: Dodged            |    14 |     9 |    38 |   135 |    12 ||   208
Block: Buckler           |       |       |     4 |    43 |    10 ||    57

Table legend: (Time is in decaauts)
 A = Elapsed time spent in this place.
 B = Non-inter-level travel time spent in this place.
 C = Inter-level travel time spent in this place.
 D = Time resting spent in this place.
 E = Time spent auto-exploring this place.
 F = Levels seen in this place.
 G = Mean time per level.
                   A        B        C        D        E       F      G
               +--------+--------+--------+--------+--------+-----+--------+
         Total |  14532 |  14149 |    383 |   4836 |   7290 |  14 | 1038.0 |
       Dungeon |  14292 |  13933 |    359 |   4836 |   7075 |  13 | 1099.4 |
        Temple |    239 |    215 |     24 |      0 |    215 |   1 |  239.0 |
               +--------+--------+--------+--------+--------+-----+--------+

Top non-repeatable levels by time:
     D:1: 2182 daAuts
    D:10: 1407 daAuts
     D:6: 1206 daAuts
    D:12: 1163 daAuts
     D:2: 1162 daAuts
     D:3: 1123 daAuts
     D:5: 1111 daAuts
     D:8: 1029 daAuts
     D:7: 1021 daAuts
     D:9: 904 daAuts
     D:4: 725 daAuts
    D:13: 652 daAuts
    D:11: 602 daAuts
  Temple: 239 daAuts
